 Dungeon Crawl Stone Soup version 0.20-a0-957-g47ad1fd (webtiles) character file.

97003 nikopol the Archer (level 16, -3/103 HPs)
             Began as a Gargoyle Berserker on Apr 4, 2017.
             Was the Champion of Trog.
             Slain by a death knight
             ... wielding a +2 great sword
              (18 damage)
             ... on level 14 of the Dungeon on Apr 5, 2017.
             The game lasted 01:45:19 (30081 turns).

nikopol the Archer (Gargoyle Berserker)            Turns: 30081, Time: 01:45:20

Health: -3/103     AC: 28    Str: 22    XL:     16   Next: 18%
Magic:  16/16      EV: 17    Int: 15    God:    Trog [******]
Gold:   1517       SH:  3    Dex: 14    Spells: 15/15 levels left

rFire    . . .     SeeInvis +   a - +3 war axe
rCold    . . .     Gourm    .   (no shield)
rNeg     + . .     Faith    .   e - +2 ring mail {MR+}
rPois    ∞         Spirit   .   E - +0 helmet
rElec    +         Reflect  +   S - +0 cloak of Gravitas {*Slow Int+6 Slay+2}
rCorr    .         Harm     .   x - +0 pair of gloves
MR       +....                  p - +1 pair of boots
Stlth    +.........             G - +3 amulet of reflection
Regen    0.3/turn               y - ring of see invisible
MPRegen  0.2/turn               d - ring of protection from magic

@: vulnerable
A: big wings, negative energy resistance 1, electricity resistance, unbreathing,
petrification resistance, rot immunity, AC +11
a: Fly, Berserk, Trog's Hand, Brothers in Arms, Burn Spellbooks, Renounce
Religion


You were on level 14 of the Dungeon.
You worshipped Trog.
Trog was exalted by your worship.
You were near starving.

You visited 3 branches of the dungeon, and saw 22 of its levels.
You visited the Abyss 1 time.
You also visited: Bailey.

You collected 2625 gold pieces.
You spent 1108 gold pieces at shops.

Inventory:

Hand Weapons
 a - a +3 war axe (weapon)
 o - a +0 battleaxe of flaming
 z - a +6 shortbow of freezing
 Y - a +2 executioner's axe of flaming
Missiles
 A - 486 arrows (quivered)
Armour
 e - a +2 ring mail of magic resistance (worn)
 p - a +1 pair of boots (worn)
 x - a +0 pair of gloves (worn)
 E - a +0 helmet (worn)
 F - +0 acid dragon scales
 S - the +0 cloak of Gravitas (worn) {*Slow Int+6 Slay+2}
   (You bought it in a shop on level 9 of the Dungeon)

   It affects your intelligence (+6).
   It affects your accuracy and damage with ranged weapons and melee attacks
   (+2).
   It may slow you when you take damage.
Jewellery
 b - an uncursed ring of positive energy
 d - a ring of protection from magic (right hand)
 y - a ring of see invisible (left hand)
 B - an uncursed ring of protection from fire
 G - a +3 amulet of reflection (around neck)
Wands
 k - a wand of paralysis (3/24)
 H - a wand of lightning (9/15)
 K - a wand of polymorph (10/24)
 L - a wand of paralysis (10/24)
 U - a wand of confusion (20/48)
Scrolls
 h - 3 scrolls of enchant weapon
 l - 2 scrolls of silence
 n - 3 scrolls of fear
 q - 4 scrolls of identify
 w - 3 scrolls of recharging
 D - 7 scrolls of remove curse
 I - 5 scrolls of teleportation
 M - a scroll of magic mapping
 T - 5 scrolls of fog
 V - a scroll of holy word
Potions
 f - 7 potions of curing
 g - 4 potions of agility
 i - 4 potions of heal wounds
 j - 2 potions of berserk rage
 m - 6 potions of might
 r - 4 potions of magic
 t - 5 potions of haste
 u - 2 potions of cancellation
 C - 2 potions of invisibility
 O - 3 potions of ambrosia
 P - 3 potions of brilliance
Books
 J - a book of Ice

   Spells                             Type                      Level
   a - Ice Form                       Ice/Transmutation            4
   b - Metabolic Englaciation         Hexes/Ice                    5
   c - Ozocubu's Refrigeration        Ice                          6
   d - Bolt of Cold                   Conjuration/Ice              6
   e - Freezing Cloud                 Conjuration/Ice/Air          6
   f - Simulacrum                     Ice/Necromancy               6
   Trog disapproves of the use of such an item.
Comestibles
 c - 9 bread rations
 s - 5 royal jellies
 v - 12 meat rations
 R - 22 fruits


   Skills:
 + Level 12.4 Fighting
 * Level 14.0 Axes
 * Level 14.2 Bows
 + Level 12.4 Armour
 + Level 9.7 Dodging


You had 15 spell levels left.
You didn't know any spells.

Dungeon Overview and Level Annotations

Branches:
Dungeon (14/15)            Temple (0/1) D:7            Lair (6/6) D:9
  Swamp (0/4) Lair:2        Snake (0/4) Lair:2        Slime (0/5) Lair:5
    Orc (2/2) D:11            Elf (0/3) Orc:2        Vaults (0/5) D:13

Altars:
Ashenzari
Dithmenos
Gozag
Kikubaaqudgha
Makhleb
Nemelex Xobeh
Okawaru
Uskayaw
Vehumet
Wu Jian
Xom
The Shining One

Shops:
D:9 [   Orc:2 =*[(


Innate Abilities, Weirdness & Mutations

You are resistant to torment.
Your stone body is resilient. (AC +11)
You are immune to poison.
Your large and strong wings let you fly indefinitely.
You resist negative energy. (rN+)
You are resistant to electric shocks. (rElec)
You can survive without breathing.
You are immune to petrification.
You are immune to rotting.


Message History

The death knight is moderately wounded.
You slash the wraith!
You destroy the wraith!
Trog accepts your kill.
The death knight offers itself to Yredelemnul, and fills with unholy energy.
You closely miss the death knight.
The death knight is moderately wounded.
The death knight barely misses you.
You hit the death knight.
The death knight is moderately wounded.
The death knight reflects your damage back at you!
You block the death knight's attack.
You closely miss the death knight.
The death knight is moderately wounded.
You slice the death knight!!
The death knight is severely wounded.
The death knight reflects your damage back at you!
* * * LOW HITPOINT WARNING * * *
The death knight hits you with an enchanted great sword!!
You die...

....######.#####
#........#
<..............#
#...##....#
.#........###.....#...#
#....# .#....#..##
##.....###.....#
.....##..#
##..#........#
........##
........###..##
........# ##........
##..# .#.....##
##.......... #..
........#
##.@.........# #..
...###..##
##...p#..##.... #..
...# ##..####.^.### #
#...####.. ...##
##..##..### #....##..
....# #.....## #.......
....## ##...## .##
#....... .....####..##
..####....##
..#........##
###.........##
..#.........####
##...##......##


You could see a death knight.

Vanquished Creatures
  Kirke (D:13)
  2 orc warlords
  The ghost of derval the Earth Mage, a journeyman GrEE of Vehumet (D:14)
  A stone giant (Orc:1)
  A dire elephant (Lair:6)
  Josephine (D:11)
  4 vault guards (D:13)
  2 hydras (Lair:6)
  Erica (D:9)
  2 two-headed ogres (D:10)
  A merfolk avatar (Lair:6)
  A centaur warrior (D:12)
  2 catoblepae
  12 death yaks
  Urug (Lair:4)
  3 orc high priests
  A deep elf knight (Bailey)
  A skeletal warrior (D:14)
  2 unseen horrors
  Pikel (D:9)
  2 harpies (Lair:6)
  A deep elf archer (D:13)
  A phantasmal warrior (D:14)
  7 orc knights
  A wizard (D:13)
  An ugly thing (D:13)
  3 oklob plants
  3 orc sorcerers
  9 deep elf magi (Bailey)
  A cyclops (D:11)
  A manticore (D:13)
  18 elephants
  3 black mambas
  A torpor snail (Lair:3)
  2 gargoyles
  13 spiny frogs
  A yaktaur (D:13)
  8 rime drakes
  A freezing wraith (D:14)
  11 komodo dragons
  A hellwing (Abyss:2)
  10 polar bears
  5 trolls
  2 wind drakes (Lair:6)
  3 hornets (Lair:6)
  18 blink frogs
  A meliai zombie (D:14)
  9 hippogriffs
  3 dream sheep (Lair:3)
  A vampire (D:14)
  6 wraiths
  5 wyverns
  33 yaks
  A shadow (D:11)
  3 basilisks
  5 hogs (D:13)
  2 steam dragons
  Grum (D:9)
  2 hungry ghosts
  7 wargs
  Menkaure (D:6)
  Duvessa (D:6)
  3 acid dragons
  7 porcupines
  17 water moccasins
  2 hornet zombies
  48 orc warriors
  2 ice beasts
  A sky beast (D:10)
  A necrophage (D:13)
  5 black bears
  4 phantoms
  3 slaves (D:9)
  31 wolves
  14 ogres
  8 centaurs
  15 crocodiles
  A big kobold (D:11)
  A wyvern zombie (D:6)
  14 bullfrogs
  Dowan (D:6)
  3 scorpions
  8 killer bees
  5 wights (D:10)
  5 howler monkeys
  6 electric eels
  3 crimson imps
  3 bullfrog zombies
  A quasit (D:5)
  4 jellies
  20 orc priests
  11 hounds
  34 orc wizards
  3 centaur skeletons
  7 iguanas
  A bullfrog skeleton (D:6)
  7 hell rats (Lair:6)
  12 worker ants
  A hound zombie (D:5)
  Robin (D:4)
  2 worker ant zombies
  3 gnolls (D:7)
  8 adders
  5 shadow imps
  An ufetubus (Abyss:2)
  3 oozes
  2 adder skeletons
  2 worms
  A dart slug (D:2)
  5 leopard geckos
  109 orcs
  6 giant cockroaches
  22 goblins
  13 hobgoblins
  6 jackals
  22 kobolds
  A quokka (D:3)
  3 ball pythons
  A ball python skeleton (D:4)
  6 bats
  3 frilled lizards
  A leopard gecko zombie (D:5)
  A quokka skeleton (D:4)
  A quokka zombie (D:5)
  6 rats
  3 fungi
  6 plants
804 creatures vanquished.

Vanquished Creatures (others)
  An orc wizard (D:9)
  30 fungi
  30 plants
61 creatures vanquished.

Grand Total: 865 creatures vanquished

Notes
Turn   | Place    | Note
-------+----------+-------------------------------------------
     0 | D:1      | nikopol the Gargoyle Berserker began the quest for the Orb.
     0 | D:1      | Reached XP level 1. HP: 14/14 MP: 1/1
     1 | D:1      | Noticed an electric eel
   123 | D:1      | Reached XP level 2. HP: 19/19 MP: 2/2
   899 | D:2      | Reached XP level 3. HP: 15/23 MP: 3/3
  1063 | D:2      | Found a radiant altar of Vehumet.
  1252 | D:2      | Reached ** piety under Trog
  1505 | D:2      | Reached XP level 4. HP: 27/29 MP: 4/4
  1528 | D:2      | Found a shimmering altar of Xom.
  2060 | D:3      | Reached *** piety under Trog
  2164 | D:3      | Reached XP level 5. HP: 27/33 MP: 5/5
  2242 | D:3      | Found a shadowy altar of Dithmenos.
  2382 | D:4      | Found a sparkling altar of Nemelex Xobeh.
  2442 | D:4      | Noticed Robin
  2469 | D:4      | Received a gift from Trog
  2483 | D:4      | Cast into level 2 of the Abyss (Robin)
  2530 | Abyss:2  | Noticed a thrashing horror
  2572 | Abyss:2  | Noticed a hellwing
  2589 | Abyss:2  | Noticed a spatial vortex
  2616 | Abyss:2  | Killed a hellwing
  2616 | Abyss:2  | Reached skill level 5 in Fighting
  2616 | Abyss:2  | Reached XP level 6. HP: 22/40 MP: 6/6
  2619 | D:4      | Escaped the Abyss
  2626 | D:5      | Entered Level 5 of the Dungeon
  2635 | D:5      | Reached XP level 7. HP: 21/44 MP: 7/7
  3119 | D:4      | Found a glowing golden altar of the Shining One.
  3499 | D:4      | Killed Robin
  3981 | D:5      | Reached skill level 5 in Armour
  4041 | D:5      | Reached XP level 8. HP: 44/51 MP: 8/8
  4155 | D:5      | Reached skill level 5 in Axes
  4155 | D:5      | Reached skill level 1 in Bows
  4591 | D:5      | Reached **** piety under Trog
  4761 | D:5      | Found a shattered altar of Ashenzari.
  4812 | D:5      | Found an ornate altar of the Wu Jian Council.
  5340 | D:6      | Reached XP level 9. HP: 19/56 MP: 9/9
  5577 | D:6      | Found a hide-covered altar of Uskayaw.
  5578 | D:6      | Noticed Duvessa
  5583 | D:6      | Noticed Dowan
  5599 | D:6      | Killed Duvessa
  5628 | D:6      | Killed Dowan
  6034 | D:6      | Noticed Menkaure
  6038 | D:6      | Killed Menkaure
  6302 | D:7      | Found an ancient bone altar of Kikubaaqudgha.
  6335 | D:7      | Found a staircase to the Ecumenical Temple.
  6515 | D:7      | Found an iron altar of Okawaru.
  6939 | D:7      | Reached skill level 5 in Bows
  6970 | D:7      | Reached ***** piety under Trog
  7518 | D:8      | Reached skill level 5 in Dodging
  7879 | D:8      | Reached XP level 10. HP: 50/63 MP: 10/10
  7982 | D:8      | Received a gift from Trog
  8482 | D:9      | Noticed Pikel
  8565 | D:9      | Killed Pikel
  8638 | D:9      | Found Nocrik Letei's Antique Armour Shop.
  8647 | D:9      | Bought a translucent helmet for 323 gold pieces
  8658 | D:9      | Identified the +1 helmet of Going Fast {MR- MP+9 Str+8 Dex-5} (You bought it in a shop on level 9 of the Dungeon)
  9030 | D:9      | Found a staircase to the Lair.
  9072 | D:9      | Noticed Grum
  9084 | D:9      | Noticed Erica
  9089 | D:9      | Killed Grum
  9101 | D:9      | Killed Erica
  9101 | D:9      | Reached XP level 11. HP: 60/68 MP: 11/11
  9748 | D:10     | Entered Level 10 of the Dungeon
  9748 | D:10     | Noticed an unseen horror
  9769 | D:10     | Killed an unseen horror
  9889 | D:10     | Noticed a two-headed ogre
  9899 | D:10     | Killed a two-headed ogre
  9899 | D:10     | Received a gift from Trog
 10086 | D:10     | Noticed a two-headed ogre
 10095 | D:10     | Killed a two-headed ogre
 11181 | Lair:1   | Entered Level 1 of the Lair of Beasts
 11455 | Lair:1   | Reached XP level 12. HP: 76/76 MP: 8/12
 12284 | Lair:2   | Found a staircase to the Swamp.
 12295 | Lair:2   | Reached skill level 10 in Axes
 12383 | Lair:2   | Noticed a death yak
 12383 | Lair:2   | Noticed a death yak
 12383 | Lair:2   | Noticed a death yak
 12384 | Lair:2   | Noticed a death yak
 12386 | Lair:2   | Noticed a death yak
 12399 | Lair:2   | Noticed a death yak
 12407 | Lair:2   | Killed a death yak
 12416 | Lair:2   | Killed a death yak
 12854 | Lair:2   | Received a gift from Trog
 13011 | Lair:2   | Found a staircase to the Snake Pit.
 13263 | Lair:2   | Killed a death yak
 13264 | Lair:2   | Killed a death yak
 13264 | Lair:2   | Reached skill level 10 in Bows
 13274 | Lair:2   | Killed a death yak
 13321 | Lair:1   | Killed a death yak
 13969 | Lair:2   | Received a gift from Trog
 13969 | Lair:2   | Reached skill level 10 in Fighting
 14425 | Lair:3   | Reached XP level 13. HP: 59/82 MP: 8/13
 14925 | Lair:3   | Reached skill level 10 in Armour
 15259 | Lair:3   | Received a gift from Trog
 15901 | D:9      | Bought a spiked cloak for 323 gold pieces
 15906 | D:9      | Identified the +0 cloak of Gravitas {*Slow Int+6 Slay+2} (You bought it in a shop on level 9 of the Dungeon)
 16373 | Lair:4   | Noticed Urug
 16387 | Lair:4   | Killed Urug
 17094 | Lair:5   | Found a staircase to the Slime Pits.
 17157 | Lair:5   | Received a gift from Trog
 17627 | Lair:5   | Received a gift from Trog
 18009 | Lair:5   | You fall through a shaft!
 18009 | Lair:6   | Entered Level 6 of the Lair of Beasts
 18151 | Lair:6   | Gained mutation: Your large and strong wings let you fly indefinitely. [Gargoyle growth]
 18151 | Lair:6   | Reached XP level 14. HP: 73/88 MP: 10/14
 19860 | Lair:6   | Noticed a dire elephant
 19881 | Lair:6   | Killed a dire elephant
 20887 | Lair:6   | Received a gift from Trog
 21688 | D:11     | Received a gift from Trog
 21800 | D:11     | Found a staircase to the Orcish Mines.
 22069 | D:11     | Received a gift from Trog
 22902 | Orc:1    | Entered Level 1 of the Orcish Mines
 22902 | Orc:1    | Found a flagged portal.
 22979 | Orc:1    | Reached XP level 15. HP: 95/95 MP: 12/15
 23029 | Bailey   | Entered a bailey
 23843 | Orc:1    | Noticed an orc warlord
 23898 | D:11     | Killed an orc warlord
 24152 | Orc:1    | Received a gift from Trog
 24314 | Orc:1    | Noticed Josephine
 24368 | D:11     | Killed Josephine
 24540 | Orc:1    | Received a gift from Trog
 24951 | Orc:1    | Found a burning altar of Makhleb.
 25196 | Orc:2    | Entered Level 2 of the Orcish Mines
 25196 | Orc:2    | Found a labyrinth entrance.
 25201 | Orc:2    | Received a gift from Trog
 25204 | Orc:2    | Noticed an orc warlord
 25529 | Orc:1    | Killed an orc warlord
 25789 | Orc:1    | Received a gift from Trog
 26297 | Orc:2    | Upgraded the game from 0.20-a0-947-g2784f4f to 0.20-a0-957-g47ad1fd
 26314 | Orc:2    | Found Muskeyroe's General Store.
 26316 | Orc:2    | Found Efurphiu's Jewellery Boutique.
 26326 | Orc:2    | Bought a cursed +3 amulet of reflection for 177 gold pieces
 26377 | Orc:2    | Found Bap Wycellej's Antique Armour Shop.
 26386 | Orc:2    | Bought a glowing cloak for 285 gold pieces
 26447 | Orc:2    | Found Zyucwaal's Antique Weapon Shop.
 26458 | Orc:1    | Received a gift from Trog
 26911 | Orc:2    | Found a staircase to the Elven Halls.
 27328 | D:12     | Found an opulent altar of Gozag.
 28405 | D:13     | Received a gift from Trog
 28542 | D:13     | Noticed Kirke
 28568 | D:13     | Killed Kirke
 28745 | D:13     | Reached XP level 16. HP: 102/102 MP: 16/16
 29189 | D:13     | Found a gate to the Vaults.
 29910 | D:14     | Noticed derval's ghost (journeyman GrEE)
 29940 | D:14     | Killed derval's ghost
 29940 | D:14     | Reached ****** piety under Trog
 30081 | D:14     | Slain by a death knight

Vault maps used:
D:1:      arrival_aquarium_a, minmay_misc_feat_room, st_stairs_6
D:2:      cheibrodos_greedy_goblins, vehumet_crystals,
          lemuel_coloured_pillars_altar
D:3:      nicolae_dithmenos_shadow_blocks, first_bread
D:4:      overflow_temple_1_default, tso_altar, uniq_robin
D:5:      kb_forest_paths, overflow_temple_1_default,
          ashenzari_conservatory_becter, kennysheep_generic_room_3
D:6:      eat_drink_and_be_merry_uskayaw, uniq_duvessa, uniq_menkaure
D:7:      nicolae_overflow_crystal_walls, lemuel_crystal_altar,
          minmay_temple_entry_statues
D:8:      special_room
D:9:      erik_lair_island, serial_shops, nicolae_shop_statue_plus,
          minmay_crystal_room, uniq_pikel, uniq_grum, uniq_erica
D:10:     grunt_ogre_cave
D:11:     erik_orc_2, st_stairs_13
D:12:     basic_altar
D:13:     grunt_vaults_entry_fortified, uniq_kirke
D:14:     minmay_misc_feat_nine_boxes
Lair:1:   grunt_forest_large_clearings
Lair:2:   swamp_mist_pool, dummy_snake_entry, minivault_27,
          minmay_lair_oklob_chamber
Lair:3:   beast_lair_carwin_large_2, columned_hall_lemuel,
          grunt_forest_small_clearings, minivault_23
Lair:4:   cheibrodos_lair_reptile_den, uniq_urug
Lair:5:   minmay_slime_entry_oklob_open, grunt_megastairs_3
Lair:6:   gammafunk_lair_ancient_temple
Orc:1:    basic_altar, enter_bailey_2, uniq_josephine
Orc:2:    grunt_orc_gardens, grunt_orc_garden, grunt_orc_garden,
          grunt_orc_garden, grunt_orc_garden, lab_entry_generic
Abyss:2:  abyss_fake_exit
Bailey:   bailey_polearm_3, bailey

Skill      XL: |  1  2  3  4  5  6  7  8  9 10 11 12 13 14 15 16 |
---------------+-------------------------------------------------+-----
Dodging        | 2 3 4 5 6 7 8 9 |  9.7
Axes           | 3 4 5 7 8 9 10 11 12 13 14 | 14.0
Armour         | 3 4 5 6 7 8 9 10 11 12 | 12.4
Fighting       | 4 5 6 7 8 9 10 11 12 | 12.4
Bows           | 3 5 7 9 10 11 12 14 | 14.2

Action                   |  1- 3 |  4- 6 |  7- 9 | 10-12 | 13-15 | 16-18 || total
-------------------------+-------+-------+-------+-------+-------+-------++-------
Melee: Hand axe          |   112 |   167 |   397 |   299 |       |       ||   975
       War axe           |       |       |       |   164 |   874 |    88 ||  1126
       Executioner's axe |       |       |       |       |     6 |       ||     6
 Fire: Shortbow          |       |       |   133 |   293 |   884 |    77 ||  1387
Invok: Berserk           |       |     2 |     4 |    12 |    16 |     1 ||    35
       Trog's Hand       |       |     1 |       |     3 |     2 |       ||     6
       Burn Spellbooks   |       |       |       |     4 |     1 |       ||     5
       Brothers in Arms  |       |       |       |     3 |       |       ||     3
Evoke: Wand              |       |       |       |     2 |       |       ||     2
  Use: Scroll            |       |       |     4 |    11 |    18 |       ||    33
       Potion            |       |       |       |     1 |     1 |       ||     2
  Eat: Chunk             |     2 |     3 |    17 |    29 |    59 |     3 ||   113
       Bread ration      |       |     1 |       |       |       |       ||     1
       Royal jelly       |       |       |     1 |       |       |       ||     1
       Fruit             |       |       |       |     5 |     4 |       ||     9
Armor: Animal skin       |    17 |       |       |       |       |       ||    17
       Chain mail        |    55 |   157 |   227 |       |       |       ||   439
       Ring mail         |       |       |    24 |   292 |   557 |    37 ||   910
Dodge: Dodged            |    58 |   107 |   182 |   385 |   889 |    44 ||  1665
Block: Other             |       |       |       |       |    19 |    11 ||    30
       Reflection        |       |       |       |       |     4 |       ||     4
